 Dungeon Crawl Stone Soup version 0.18.1-48-g4cf74bf (webtiles) character file.

205 atgrul the Charmwright (level 5, 0/42 HPs)
             Began as a Merfolk Skald on July 22, 2016.
             Slain by a gnoll
             ... wielding a +2 flail of protection
              (10 damage)
             ... on level 2 of the Dungeon.
             The game lasted 00:08:38 (3576 turns).

atgrul the Charmwright (Merfolk Skald)              Turns: 3576, Time: 00:08:39

Health: 0/42       AC:  3    Str: 13    XL:     5   Next: 83%
Magic:  8/8        EV: 11    Int: 12    God:
Gold:   57         SH:  0    Dex: 13    Spells: 1 memorised, 7 levels left

rFire  . . .     SeeInvis .     a - +0 spear
rCold  . . .     Gourm    .     b - +0 leather armour
rNeg   . . .     Faith    .     (no shield)
rPois  .         Spirit   .     (no helmet)
rElec  .         Dismiss  .     (no cloak)
rCorr  .         Reflect  .     (no gloves)
SustAt .         Harm     .     (no boots)
MR     .....                    (no amulet)
Stlth  ++........               (no ring)
                                (no ring)

@: not resistant to hostile enchantments, unstealthy
A: change form in water, swift swim
a: no special abilities


You were on level 2 of the Dungeon.
You were not hungry.

You visited 1 branch of the dungeon, and saw 3 of its levels.

You collected 57 gold pieces.

Inventory:

Hand Weapons
 a - a +0 spear (weapon)
 m - a cursed -3 short sword
Armour
 b - a +0 leather armour (worn)
Wands
 q - a wand of iceblast (7/15)
Scrolls
 e - a scroll of fear {unknown}
 g - a scroll of blinking {unknown}
 i - 4 scrolls of identify {unknown}
 j - a scroll of immolation {unknown}
 n - a scroll of teleportation {unknown}
 o - a scroll of fog {unknown}
Potions
 f - a potion of curing {unknown}
 h - a potion of degeneration {unknown}
 k - a potion of lignification {unknown}
Books
 c - a book of Battle

   Spells                             Type                      Level
   a - Infusion                       Charms                       1
   b - Shroud of Golubria             Charms/Translocation         2
   c - Song of Slaying                Charms                       2
   d - Spectral Weapon                Hexes/Charms                 3
   e - Regeneration                   Charms/Necromancy            3
Comestibles
 d - 3 bread rations
 l - a fruit
 p - a meat ration


   Skills:
 + Level 4.0 Fighting
 - Level 3.0 Polearms
 - Level 0.6 Armour
 - Level 1.3 Dodging
 - Level 2.0 Stealth
 - Level 2.0 Spellcasting
 + Level 5.5 Charms


You had 7 spell levels left.
You knew the following spells:

 Your Spells              Type           Power        Failure   Level  Hunger
a - Infusion              Chrm           ##..         3%          1    ##.....


Dungeon Overview and Level Annotations

Branches:
Dungeon (3/15)

Altars:
Elyvilon


Message History

The giant cockroach bites you but does no damage.
You barely miss the giant cockroach.
The gnoll hits you with a flail of protection.
* * * LOW HITPOINT WARNING * * *
The giant cockroach barely misses you.
You hit the giant cockroach.
The giant cockroach is almost dead.
The giant cockroach bites you but does no damage.
The gnoll barely misses you.
You hit the giant cockroach but do no damage.
The giant cockroach is severely wounded.
The giant cockroach closely misses you. The gnoll misses you.
You closely miss the giant cockroach.
The giant cockroach is severely wounded.
The giant cockroach bites you but does no damage.
You hit the giant cockroach but do no damage.
The giant cockroach is severely wounded.
The giant cockroach barely misses you.
The gnoll hits you with a flail of protection!
You die...

#
#......#..#.#.#####<#.#
#
######'##.#.#.#.....###
# #........#.....### #
###.....#..#.#.#.# #
#.......#........#
######.#.....'........#
#......#####.##...##..#
.......# #.###..##..#
...###.### #.# #@s##..#
...#.....# #.# ##g....#
...#.....###.# ##....#
......_......#
#.#############
####.....#...#
#.#...........#
#.....#...#
#.#.########.##
###.###...#
#.#.#........#
#.......#
#.#.#.....<###
#.......# #.#.#########


You could see a gnoll and a giant cockroach.

Vanquished Creatures
  3 orc priests (D:2)
  An orc wizard (D:2)
  2 adders
  An ooze (D:2)
  3 worms
  3 dart slugs (D:2)
  4 giant geckos
  2 orcs
  7 bats
  3 giant cockroaches
  3 goblins
  3 hobgoblins (D:1)
  5 giant newts
  7 kobolds
  4 rats (D:2)
51 creatures vanquished.

Notes
Turn   | Place    | Note
--------------------------------------------------------------
     0 | D:1      | atgrul the Merfolk Skald began the quest for the Orb.
     0 | D:1      | Reached XP level 1. HP: 16/16 MP: 3/3
   259 | D:1      | Reached XP level 2. HP: 16/23 MP: 5/5
   702 | D:1      | Reached skill level 4 in Charms
  1021 | D:2      | Found a white marble altar of Elyvilon.
  1027 | D:2      | Reached XP level 3. HP: 28/28 MP: 6/6
  1068 | D:2      | Reached skill level 1 in Stealth
  2061 | D:2      | Reached XP level 4. HP: 28/34 MP: 7/7
  2860 | D:2      | Reached skill level 5 in Charms
  2860 | D:2      | Reached XP level 5. HP: 26/41 MP: 2/8
  3576 | D:2      | Slain by a gnoll

Skill      XL: |  1  2  3  4  5 |
---------------+----------------+-----
Charms         | 4 5 |  5.5
Stealth        | 1 2 |  2.0
Fighting       | 3 4 |  4.0
Polearms       | |  3.0
Armour         | |  0.6
Dodging        | |  1.3
Spellcasting   | |  2.0

Action                   |  1- 3 |  4- 6 || total
-------------------------+-------+-------++-------
Melee: Spear             |   146 |   111 ||   257
 Cast: Infusion          |     2 |     5 ||     7
 Stab: Sleeping          |     7 |     1 ||     8
  Eat: Bread ration      |     1 |     1 ||     2
       Chunk             |     1 |       ||     1
       Fruit             |       |     1 ||     1
Armor: Leather armour    |    37 |    17 ||    54
Dodge: Dodged            |    41 |    58 ||    99
